Map: Catalyst LE

Players

Snoxtar - Winner!

  • Race: Zerg Zerg
  • Spawn Location: 5:00

kauP

  • Race: Terran Terran
  • Spawn Location: 11:00

Event: WCS Valencia 2018

VOD

Have the link to the VOD?

Description

Time

  • Played on: July 12, 2018, 7:32 a.m.
  • Length: 4:26

All games in this series

Show
View Real Time Build Order
Export as new Build Order

Snoxtar Zerg - Winner!

Build Orders: Pool First, Zergling Baneling 

Get SALT Encoding   

  12  0:00  Drone  
  13  0:12  Overlord  
  13  0:16  Drone  
  14  0:30  Drone x2  
  14  0:34  Extractor, Drone  
  16  0:45  Drone  
  17  0:51  Spawning Pool  
  17  0:56  Drone  
  17  1:06  Drone  
  18  1:24  Hatchery  
  17  1:37  Metabolic Boost  
  17  1:39  Zergling x4  
  19  1:40  Zergling x2  
  20  1:51  Overlord  
  20  1:59  Queen  
  22  2:12  Zergling x2  
  22  2:13  Baneling Nest  
  23  2:15  Zergling x2  
  23  2:23  Zergling x2  
  24  2:33  Zergling x2  
  25  2:43  Zergling x2  
  26  2:45  Zergling x2  
  26  2:48  Zergling x2  
  28  2:56  Zergling x2  
  28  3:00  Zergling x2  
  28  3:05  Baneling x5  
  29  3:07  Zergling x8  
  29  3:10  Baneling  
  33  3:14  Zergling x2  
  33  3:30  Zergling x2  
  31  3:35  Baneling  
  31  3:36  Baneling  
  31  3:39  Zergling x4  
  31  3:40  Zergling x2  
  34  3:42  Zergling x2  
  34  3:44  Zergling x2  
  34  3:46  Zergling x2  
  33  3:48  Zergling x2  
  33  3:51  Zergling x4  
  33  3:54  Baneling  
  35  3:59  Zergling x2  
  35  4:02  Zergling x2  
  36  4:04  Baneling  
  36  4:06  Baneling  
Show
View Real Time Build Order
Export as new Build Order

kauP Terran 

Build Orders: Reaper Expand 

Get SALT Encoding   

  12  0:00  SCV  
  13  0:13  SCV  
  14  0:17  Supply Depot  
  14  0:25  SCV  
  15  0:39  SCV  
  15  0:40  Barracks  
  16  0:45  Refinery  
  16  0:51  SCV  
  17  1:03  SCV  
  18  1:15  SCV  
  19  1:30  Reaper, Orbital Command  
  20  1:41  Command Center  
  20  1:53  Refinery  
  20  1:55  SCV  
  21  2:02  Marine  
  21  2:05  Supply Depot  
  22  2:12  SCV  
  22  2:14  Factory  
  23  2:21  Barracks Reactor  
  23  2:27  SCV  
  24  2:39  SCV  
  25  2:51  SCV  
  26  2:57  Orbital Command  
  26  3:03  Starport, SCV  
  27  3:13  Hellion  
  27  3:15  SCV  
  27  3:16  Hellion  
  27  3:18  Barracks Tech Lab  
  31  3:27  SCV  
  30  3:46  SCV  
  29  3:50  Hellion  
  30  3:58  SCV  
  30  3:59  Marine  
Tags
 
Add a new tag
Caveats
  • Supply blocks, unpowered buildings, or Contaminate may cause inaccurate times.
  • Supply counts are checked every 10 seconds.